 Dungeon Crawl Stone Soup version 0.30-a0-165-g1891117ce2 (webtiles) character file.

Game seed: 7318023770638533627

417 qw the Chopper (level 6, -11/39 HPs)
             Began as a Gargoyle Fighter on Sept 28, 2022.
             Mangled by an ogre
             ... wielding a +0 giant club
              (20 damage)
             ... on level 5 of the Dungeon.
             The game lasted 00:01:09 (3205 turns).

qw the Chopper (Gargoyle Fighter)                   Turns: 3205, Time: 00:01:10

Health: -11/39     AC: 11    Str: 21    XL:     6   Next: 92%
Magic:  6/6        EV:  9    Int:  9    God:
Gold:   156        SH:  4    Dex:  9    Spells: 5/5 levels left

rFire   . . .      SeeInvis .    Y - +2 war axe
rCold   . . .      Faith    .    c - +0 buckler
rNeg    + . .      Spirit   .    b - +0 scale mail
rPois   inf        Reflect  .    (no helmet)
rElec   +          Harm     .    (no cloak)
rCorr   .          Rampage  .    (no gloves)
Will    .....                    (no boots)
Stlth   ..........               (no amulet)
HPRegen 0.13/turn                (no ring)
MPRegen 0.10/turn                (no ring)

@: about to teleport
A: sickness immunity, AC +4, negative energy resistance 1, electricity
resistance, torment resistance 1, petrification resistance
a: no special abilities


You were on level 5 of the Dungeon.
You visited 1 branch of the dungeon, and saw 7 of its levels.

You collected 156 gold pieces.


Innate Abilities, Weirdness & Mutations

You are immune to sickness and miasma.
Your stone body is resilient. (AC +4)
You are immune to poison.
You resist negative energy. (rN+)
You are resistant to electric shocks. (rElec)
You are resistant to unholy torment.
You are immune to petrification.


   Skills:
 - Level 4.5 Fighting
 + Level 5.5 Axes
 - Level 3.2 Armour
 - Level 1.6 Dodging
 - Level 3.2 Shields


You had 5 spell levels left.
You didn't know any spells.
Your spell library was empty.

Inventory:

Hand Weapons
 j - a +0 flail
 Y - a +2 war axe (weapon)
Armour
 b - a +0 scale mail (worn)
 c - a +0 buckler (worn)
Scrolls
 f - a scroll of identify
 g - 2 scrolls of teleportation
Potions
 d - a potion of might
 e - a potion of heal wounds
 h - 4 potions of curing

Dungeon Overview and Level Annotations

Branches:
Dungeon (7/15)             Temple (0/1) D:4

Altars:
Qazlal
Uskayaw

Shops:
D:2 =


Message History

The black bear barely misses you.
You barely miss the black bear.
The black bear is severely wounded.
You block the black bear's attack.
The black bear claws you but does no damage.
You block the black bear's attack.
You hit the black bear.
The black bear is severely wounded.
You block the black bear's attack. The black bear barely misses you. x2
The black bear goes berserk!
You slash the black bear!
You kill the black bear!
You start resting.
An ogre comes into view. It is wielding a +0 giant club.
3189 ||| Stepping ~*~*~tactically~*~*~ (stealth).
You start resting.
An ogre is nearby!
3196 ||| Stepping ~*~*~tactically~*~*~ (stealth).
The ogre shouts!
You hit the ogre.
The ogre is lightly wounded.
The ogre hits you with a +0 giant club!!
Ouch! That really hurt!
You barely miss the ogre.
The ogre is lightly wounded.
You block the ogre's attack.
You closely miss the ogre.
The ogre is lightly wounded.
The ogre closely misses you.
You barely miss the ogre.
The ogre is lightly wounded.
You slash the ogre!
The ogre is heavily wounded.
The ogre hits you with a +0 giant club.
3205 ||| READING 3 scrolls of teleportation.
As you read the scroll of teleportation, it crumbles to dust.
You feel strangely unstable.
The ogre hits you with a +0 giant club!!
Ouch! That really hurt!
You die...

# #...###...##'##
#.###.#.#.####...##
#.........###.....##
#####.######.......##
##...####.........#
#..>....+.........+
##...####.........#
##.## ##.(.....## #.#
##@....## #.. ##O..##
##. ##%## . #.# .#
... #.## ... ... O..


You could see an ogre.

Vanquished Creatures
  A black bear (D:5)
  A kobold brigand (D:6)
  A necrophage (D:4)
  Natasha (thrice) (D:3)
  A gnoll (D:1)
  5 adders
  A worm (D:2)
  2 dart slugs
  7 ball pythons
  7 bats
  6 endoplasms
  A giant cockroach (D:1)
  4 goblins
  4 hobgoblins
  6 jackals
  2 frilled lizards
  12 kobolds
  5 rats
69 creatures vanquished.

Notes
Turn   | Place    | Note
-------+----------+-------------------------------------------
     0 | D:1      | qw the Gargoyle Fighter began the quest for the Orb.
     0 | D:1      | Reached XP level 1. HP: 14/14 MP: 1/1
     0 | D:1      | 0 ||| qw: Version: 0.2-a-12-gaebbb33
     0 | D:1      | 0 ||| qw: Game counter: 794
     0 | D:1      | 0 ||| qw: Always use a shield: true
     0 | D:1      | 0 ||| qw: God list: Okawaru
     0 | D:1      | 0 ||| qw: Allow faded altars: false
     0 | D:1      | 0 ||| qw: Do Orc after D:15 true
     0 | D:1      | 0 ||| qw: Do second Lair branch before Depths: true
     0 | D:1      | 0 ||| qw: Lair rune preference: random
     0 | D:1      | 0 ||| qw: Plans: Normal, Zot:1-4, God:TSO, Crypt, Tomb,
                  | Pan, Slime:5, Hells, Abyss, Orb
     0 | D:1      | 0 ||| PLANNING D:1-11
     5 | D:1      | 5 ||| Stepping ~*~*~tactically~*~*~ (stealth).
    26 | D:1      | Reached skill level 2 in Axes
    56 | D:1      | Reached XP level 2. HP: 18/19 MP: 2/2
   108 | D:1      | 108 ||| Stepping ~*~*~tactically~*~*~ (stealth).
   111 | D:1      | 111 ||| Stepping ~*~*~tactically~*~*~ (stealth).
   606 | D:1      | Reached skill level 3 in Axes
   611 | D:1      | Reached XP level 3. HP: 20/23 MP: 3/3
   711 | D:1      | 711 ||| Stepping ~*~*~tactically~*~*~ (stealth).
   880 | D:1      | 880 ||| DROPPING +0 club.
   933 | D:1      | 933 ||| Stepping ~*~*~tactically~*~*~ (stealth).
   934 | D:1      | 934 ||| Stepping ~*~*~tactically~*~*~ (stealth).
   963 | D:1      | Found a faded altar of an unknown god.
  1010 | D:1      | 1010 ||| READING scroll labelled WELATA ELLI.
  1011 | D:1      | 1011 ||| READING 4 scrolls labelled NYTEPI SEKOOT.
  1012 | D:1      | 1012 ||| READING scroll labelled TOOGAQA JIOVEI.
  1013 | D:1      | 1013 ||| READING scroll labelled ZOLALE CIUDUOME.
  1046 | D:1      | 1046 ||| Stepping ~*~*~tactically~*~*~ (stealth).
  1056 | D:1      | 1056 ||| READING 3 scrolls of identify.
  1056 | D:1      | 1056 ||| IDENTIFYING murky golden potion
  1357 | D:2      | 1357 ||| Stepping ~*~*~tactically~*~*~ (stealth).
  1358 | D:2      | 1358 ||| Stepping ~*~*~tactically~*~*~ (stealth).
  1365 | D:2      | 1365 ||| Stepping ~*~*~tactically~*~*~ (stealth).
  1368 | D:2      | 1368 ||| Stepping ~*~*~tactically~*~*~ (stealth).
  1387 | D:2      | 1387 ||| Stepping ~*~*~tactically~*~*~ (stealth).
  1391 | D:2      | 1391 ||| Stepping ~*~*~tactically~*~*~ (stealth).
  1392 | D:2      | 1392 ||| Stepping ~*~*~tactically~*~*~ (stealth).
  1393 | D:2      | 1393 ||| Stepping ~*~*~tactically~*~*~ (stealth).
  1400 | D:2      | Reached XP level 4. HP: 28/28 MP: 4/4
  1632 | D:2      | Found a stormy altar of Qazlal.
  1658 | D:2      | 1658 ||| Stepping ~*~*~tactically~*~*~ (hiding).
  1703 | D:2      | Found Jiupauna's Jewellery Shop.
  1710 | D:2      | 1710 ||| SHOPLISTING +4 ring of evasion (504 gold, have
                  | 106).
  1710 | D:2      | 1710 ||| SHOPLISTING +6 ring of strength (504 gold, have
                  | 106).
  1710 | D:2      | 1710 ||| SHOPLISTING amulet of Lirghosud {RegenMP Will-
                  | Dex+4 Stlth+} (616 gold, have 106).
  1710 | D:2      | 1710 ||| SHOPLISTING amulet of the acrobat (420 gold, have
                  | 106).
  1710 | D:2      | 1710 ||| SHOPLISTING ring of fire (350 gold, have 106).
  1846 | D:2      | 1846 ||| READING scroll labelled ORHOVV JAFOU.
  1847 | D:2      | 1847 ||| READING 3 scrolls of identify.
  1847 | D:2      | 1847 ||| IDENTIFYING murky grey potion
  1848 | D:2      | 1848 ||| READING 2 scrolls of identify.
  1848 | D:2      | 1848 ||| IDENTIFYING golden potion
  1849 | D:2      | 1849 ||| DROPPING potion of ambrosia.
  1877 | D:3      | Noticed Natasha
  1890 | D:3      | Killed Natasha
  1891 | D:3      | Reached skill level 4 in Axes
  2082 | D:3      | Noticed Natasha
  2083 | D:3      | 2083 ||| FLEEEEING.
  2093 | D:3      | Killed Natasha
  2094 | D:3      | Reached XP level 5. HP: 23/32 MP: 5/5
  2331 | D:3      | Noticed Natasha
  2332 | D:3      | 2332 ||| Stepping ~*~*~tactically~*~*~ (stealth).
  2337 | D:3      | Killed Natasha
  2338 | D:3      | Reached skill level 5 in Axes
  2454 | D:3      | Found a hide-covered altar of Uskayaw.
  2868 | D:3      | 2868 ||| READING scroll labelled DUGYGO NAOCOH.
  2953 | D:4      | Reached XP level 6. HP: 36/39 MP: 6/6
  3003 | D:4      | Found a staircase to the Ecumenical Temple.
  3047 | D:4      | You fall into a shaft and drop 3 floors!
  3048 | D:7      | 3048 ||| READING 2 scrolls labelled ZYIGES RIJATI.
  3049 | D:7      | 3049 ||| READING scroll of enchant weapon.
  3049 | D:7      | 3049 ||| ENCHANTING +1 war axe.
  3071 | D:6      | Reached skill level 1 in Dodging
  3127 | D:5      | Entered Level 5 of the Dungeon
  3169 | D:5      | Noticed a black bear
  3178 | D:5      | Killed a black bear
  3189 | D:5      | 3189 ||| Stepping ~*~*~tactically~*~*~ (stealth).
  3196 | D:5      | 3196 ||| Stepping ~*~*~tactically~*~*~ (stealth).
  3204 | D:5      | HP: 9/39 [ogre/+0 giant club (3)]
  3205 | D:5      | 3205 ||| READING 3 scrolls of teleportation.
  3205 | D:5      | Mangled by an ogre

Levels and vault maps discovered:
D:1:      dpeg_arrival_short_road, layout_basic, nicolae_ecumenical_lake_church
D:2:      layout_basic, basic_altar, serial_shops, shop_fountains
D:3:      layout_loops_ring, mainiacjoe_overflow_six_doors_small,
          kennysheep_cross_room, uniq_natasha
D:4:      kennysheep_goblin_castle, layout_rooms,
          minmay_temple_entry_statues_pillars
D:5:      layout_loops_corners, lemuel_blue_sif_altar,
          mainiacjoe_overflow_chevrons, nicolae_overflow_crystal_walls,
          mainiacjoe_overflow_boulevard, uniq_grinder
D:6:      layout_rooms, nicolae_ru_awakened_eye, elyvilon_altar_4,
          minmay_starry_boxes
D:7:      layout_basic, grunt_dithmenos_smoke, mainiacjoe_overflow_alcove_1,
          mainiacjoe_overflow_alcove_4, uniq_joseph, uniq_pikel

Skill      XL: |  1  2  3  4  5  6 |
---------------+-------------------+-----
Axes           | 2 3 4 5 |  5.5
Fighting       | 4 |  4.5
Dodging        | 1 |  1.6
Armour         | |  3.2
Shields        | |  3.2

Action                   |  1- 3 |  4- 6 || total
-------------------------+-------+-------++-------
Melee: War axe           |    97 |   142 ||   239
  Use: Scroll            |     5 |     7 ||    12
Armor: Scale mail        |    44 |    72 ||   116
Dodge: Dodged            |    60 |    62 ||   122
Block: Buckler           |    12 |    23 ||    35

Table legend:
 A = Non-vault XP
 B = Vault XP
 C = Vault XP percentage of total XP
 D = Non-vault monster count
 E = Vault monster count
 F = Vault count percentage of total count
                 A         B        C        D         E       F
            +---------+---------+-------+---------+---------+-------
      Total |     559 |      37 |   6.2 |      67 |       2 |   2.9
            +---------+---------+-------+---------+---------+-------
        D:1 |      61 |       0 |   0.0 |      30 |       0 |   0.0
        D:2 |      37 |       0 |   0.0 |      14 |       0 |   0.0
        D:3 |     117 |      35 |  23.0 |      11 |       1 |   8.3
        D:4 |      96 |       2 |   2.0 |       4 |       1 |  20.0
        D:5 |     121 |       0 |   0.0 |       1 |       0 |   0.0
        D:6 |     127 |       0 |   0.0 |       7 |       0 |   0.0
            +---------+---------+-------+---------+---------+-------
